ORI
LOUISIANA STATE UNIVERSITY TIGERS @ UNIVERSITY OF ALABAMA CRIMSON TIDE
08/14/2046
 
TOP OF THE 1ST
Louisiana State University Tigers batting - Pitching for University of Alabama Crimson Tide : RHP Kirk James
Pitching: RHP Kirk James
Batting: LHB John Carter 0-0: Ball
1-0: Called Strike
1-1: Fly out, F9 (Flyball, 89M, EV 96.2 MPH)
Batting: LHB Manny Grado 0-0: Ball
1-0: Ball
2-0: Called Strike
2-1: SINGLE (Line Drive, 34D, EV 97.5 MPH)
Batting: RHB Byung-hee Jee 0-0: Called Strike
0-1: Called Strike
Manny Grado is caught stealing 2nd base 2-4
0-2: Fly out, F8 (Flyball, 8LD, EV 100.6 MPH)
Top of the 1st over - 0 runs, 1 hit, 0 errors, 0 left on base; Louisiana State University 0 - University of Alabama 0
BOTTOM OF THE 1ST
University of Alabama Crimson Tide batting - Pitching for Louisiana State University Tigers : LHP Clyde Fisher
Pitching: LHP Clyde Fisher
Batting: RHB Jong-your Lee 0-0: Called Strike
0-1: Swinging Strike
0-2: Ball
1-2: Foul Ball, location: 2F
1-2: Ball
2-2: Ball
3-2: Foul Ball, location: 2F
3-2: Base on Balls
Batting: LHB Matt Barkley 0-0: Called Strike
0-1: Ball
1-1: Called Strike
Jong-your Lee steals 2nd, throwing error, E2
Jong-your Lee to third
1-2: Foul Ball, location: 2F
1-2: Ball
Wild Pitch!
Jong-your Lee scores
2-2: SINGLE (Line Drive, 78S, EV 88.8 MPH)
Batting: LHB Platon Protopsaltis 0-0: Called Strike
0-1: Swinging Strike
0-2: Ball
1-2: Ball
2-2: Strikes out swinging
Batting: RHB Hughie Withers 0-0: Ball
1-0: Swinging Strike
1-1: Called Strike
1-2: Ball
2-2: Fielders Choice at 2nd, 5-4 (Groundball, 56, EV 102.5 MPH)
Batting: RHB Fernando Reyes 0-0: Foul Ball, location: 2F
0-1: Ball
1-1: Reached on error, E5 (Groundball, 56S, EV 91.9 MPH)
Hughie Withers to second
Batting: LHB Joe Blackwood 0-0: Ball
1-0: Called Strike
1-1: Ball
2-1: Ball
3-1: Fly out, F8 (Flyball, 8LXD, EV 101.9 MPH)
Bottom of the 1st over - 1 run, 1 hit, 2 errors, 2 left on base; Louisiana State University 0 - University of Alabama 1
TOP OF THE 2ND
Louisiana State University Tigers batting - Pitching for University of Alabama Crimson Tide : RHP Kirk James
Batting: SHB Brian Caruso 0-0: Ball
1-0: SINGLE (Groundball, 4, EV 103.8 MPH)
Batting: RHB Stewart Walker 0-0: Ball
1-0: SINGLE (Groundball, 56D, EV 107.5 MPH)
Brian Caruso to second
Batting: SHB Paul Blaylock 0-0: Called Strike
0-1: Called Strike
0-2: Ball
1-2: SINGLE (Flyball, 56D, EV 96.9 MPH)
Brian Caruso to third
Stewart Walker to second
Batting: RHB Steve McCoig 0-0: Ball
1-0: Called Strike
1-1: Ball
2-1: Ball
3-1: Base on Balls
Brian Caruso scores
Stewart Walker to third
Paul Blaylock to second
Batting: RHB Mike Catalano 0-0: Called Strike
0-1: Ball
1-1: Ball
2-1: Called Strike
2-2: DOUBLE (Line Drive, 8RXD, EV 105.0 MPH)
Stewart Walker scores
Paul Blaylock scores
Steve McCoig to third
Batting: LHB Earl Silver 0-0: Foul Ball, location: 2F
0-1: Ground out 3-1 (Groundball, 34S, EV 80.6 MPH)
Steve McCoig scores
Mike Catalano to third
Batting: LHB John Carter 0-0: Ball
1-0: Foul Ball, location: 2F
1-1: Ball
2-1: Foul Ball, location: 2F
2-2: Foul Ball, location: 2F
2-2: Ground out U3 (Groundball, 3L, EV 84.4 MPH)
Batting: LHB Manny Grado 0-0: Ball
1-0: Fly out, F7 (Flyball, 7D, EV 110.0 MPH)
Top of the 2nd over - 4 runs, 4 hits, 0 errors, 1 left on base; Louisiana State University 4 - University of Alabama 1
BOTTOM OF THE 2ND
University of Alabama Crimson Tide batting - Pitching for Louisiana State University Tigers : LHP Clyde Fisher
Batting: SHB Andrew Robison 0-0: Ball
1-0: Swinging Strike
1-1: Swinging Strike
1-2: Strikes out swinging
Batting: SHB Mike Bidwell 0-0: Ball
1-0: Ball
2-0: SINGLE (Groundball, 56S, EV 66.9 MPH) (infield hit)
Batting: RHB Eric Kilmer 0-0: Called Strike
0-1: Ball
1-1: Ball
2-1: Foul Ball, location: 2F
2-2: Ball
3-2: Foul Ball, location: 2F
3-2: Base on Balls
Mike Bidwell to second
Batting: RHB Jong-your Lee 0-0: Ball
1-0: Called Strike
1-1: Ball
2-1: Foul Ball, location: 2F
2-2: SINGLE (Groundball, 25, EV 71.2 MPH) (infield hit)
Mike Bidwell to third
Eric Kilmer to second
Batting: LHB Matt Barkley 0-0: Fly out, F8 (Flyball, 78M, EV 88.8 MPH)
Runner from 3rd tags up, SCORES, throw by CF
Batting: LHB Platon Protopsaltis 0-0: Ball
1-0: Ball
2-0: Ball
3-0: Called Strike
3-1: Base on Balls
Eric Kilmer to third
Jong-your Lee to second
Batting: RHB Hughie Withers 0-0: Ball
1-0: Foul Ball, location: 2F
1-1: Ball
2-1: Swinging Strike
2-2: Strikes out looking
Bottom of the 2nd over - 1 run, 2 hits, 0 errors, 3 left on base; Louisiana State University 4 - University of Alabama 2
TOP OF THE 3RD
Louisiana State University Tigers batting - Pitching for University of Alabama Crimson Tide : RHP Kirk James
Batting: RHB Byung-hee Jee 0-0: Called Strike
0-1: Foul Ball, location: 2F
0-2: Ball
1-2: Ball
2-2: Ball
3-2: Fly out, F9 (Flyball, 89M, EV 89.4 MPH)
Batting: SHB Brian Caruso 0-0: Called Strike
0-1: Ground out 4-3 (Groundball, 13, EV 91.2 MPH)
Batting: RHB Stewart Walker 0-0: Called Strike
0-1: Foul Ball, location: 2F
0-2: Strikes out swinging
Top of the 3rd over - 0 runs, 0 hits, 0 errors, 0 left on base; Louisiana State University 4 - University of Alabama 2
BOTTOM OF THE 3RD
University of Alabama Crimson Tide batting - Pitching for Louisiana State University Tigers : LHP Clyde Fisher
Batting: RHB Fernando Reyes 0-0: Called Strike
0-1: Ball
1-1: Ball
2-1: Foul Ball, location: 2F
2-2: Strikes out looking
Batting: LHB Joe Blackwood 0-0: Called Strike
0-1: Swinging Strike
0-2: Strikes out swinging
Batting: SHB Andrew Robison 0-0: Ball
1-0: Ball
2-0: Ball
3-0: Called Strike
3-1: Foul Ball, location: 2F
3-2: Base on Balls
Pitching: RHP Brian Hilbert
Batting: SHB Mike Bidwell 0-0: Ball
Andrew Robison is caught stealing 2nd base 2-6
Bottom of the 3rd over - 0 runs, 0 hits, 0 errors, 0 left on base; Louisiana State University 4 - University of Alabama 2
TOP OF THE 4TH
Louisiana State University Tigers batting - Pitching for University of Alabama Crimson Tide : RHP Kirk James
Batting: SHB Paul Blaylock 0-0: Ball
1-0: Called Strike
1-1: Swinging Strike
1-2: Strikes out swinging
Batting: RHB Steve McCoig 0-0: Called Strike
0-1: Swinging Strike
0-2: Foul Ball, location: 2F
0-2: Ball
1-2: Ground out 6-3 (Groundball, 6, EV 88.1 MPH)
Batting: RHB Mike Catalano 0-0: Foul Ball, location: 2F
0-1: Ball
1-1: Ground out 6-3 (Groundball, 6S, EV 81.2 MPH)
Top of the 4th over - 0 runs, 0 hits, 0 errors, 0 left on base; Louisiana State University 4 - University of Alabama 2
BOTTOM OF THE 4TH
University of Alabama Crimson Tide batting - Pitching for Louisiana State University Tigers : RHP Brian Hilbert
Pitching: RHP Brett Carothers
Batting: SHB Mike Bidwell 0-0: Ball
1-0: Called Strike
1-1: Called Strike
1-2: Ball
2-2: Fly out, F5 (Popup, 5S, EV 66.9 MPH)
Batting: RHB Eric Kilmer 0-0: Foul Ball, location: 2F
0-1: Ball
1-1: Swinging Strike
1-2: Strikes out swinging
Batting: RHB Jong-your Lee 0-0: Ball
1-0: Swinging Strike
1-1: Foul Ball, location: 2F
1-2: Ball
2-2: Ball
3-2: Ground out 6-3 (Groundball, 6, EV 75.6 MPH)
Bottom of the 4th over - 0 runs, 0 hits, 0 errors, 0 left on base; Louisiana State University 4 - University of Alabama 2
TOP OF THE 5TH
Louisiana State University Tigers batting - Pitching for University of Alabama Crimson Tide : RHP Kirk James
Pitching: RHP Devon Williams
Now at C: Larry Brown
Now at 2B: Rodrik Gardner
Now at SS: Jong-your Lee
Now in LF: Adam Antico
Now in CF: John Hicken
Batting: LHB Earl Silver 0-0: Swinging Strike
0-1: Swinging Strike
0-2: Strikes out swinging
Batting: LHB John Carter 0-0: Swinging Strike
0-1: Foul Ball, location: 2F
0-2: Ball
1-2: Strikes out swinging
Pinch Hitting: RHB Zachary Acker 0-0: Called Strike
0-1: Called Strike
0-2: Ball
1-2: Reached on error, E5 (Groundball, 56, EV 80.0 MPH)
Pinch Hitting: RHB Michael Maier 0-0: Ball
1-0: Swinging Strike
1-1: Called Strike
1-2: Ball
2-2: Foul Ball, location: 2F
2-2: Strikes out swinging
Top of the 5th over - 0 runs, 0 hits, 1 error, 1 left on base; Louisiana State University 4 - University of Alabama 2
BOTTOM OF THE 5TH
University of Alabama Crimson Tide batting - Pitching for Louisiana State University Tigers : RHP Brett Carothers
Pitching: RHP Jessie Amann
Now at C: Stone Fraser
Now at 1B: Jon Valdez
Now at SS: Michael Maier
Batting: LHB Matt Barkley 0-0: Foul Ball, location: 2F
0-1: Foul Ball, location: 2F
0-2: SINGLE (Groundball, 4M, EV 95.6 MPH)
Batting: LHB Adam Antico 0-0: Swinging Strike
0-1: Ball
1-1: Ball
2-1: Foul Ball, location: 2F
2-2: Fly out, F8 (Flyball, 8RM, EV 81.9 MPH)
Batting: RHB Rodrik Gardner 0-0: DOUBLE (Flyball, 89D, EV 106.9 MPH)
Matt Barkley to third
Runner from 3rd tries for Home, throw by RF and OUT! 9-4-2
Batting: RHB Fernando Reyes 0-0: Called Strike
0-1: Fly out, F8 (Line Drive, 8LM, EV 90.6 MPH)
Bottom of the 5th over - 0 runs, 2 hits, 0 errors, 1 left on base; Louisiana State University 4 - University of Alabama 2
TOP OF THE 6TH
Louisiana State University Tigers batting - Pitching for University of Alabama Crimson Tide : RHP Devon Williams
Pitching: RHP Ghi-cheng Tseng
Now at 3B: Dallas Shaw
Pinch Hitting: RHB Elvin Ruffolo 0-0: Ball
1-0: Ball
2-0: Swinging Strike
2-1: SINGLE (Popup, 5D, EV 45.6 MPH)
Pinch Hitting: SHB Graham Beamish 0-0: Called Strike
0-1: Called Strike
0-2: Ball
1-2: Strikes out swinging
Batting: LHB Jon Valdez 0-0: Ball
1-0: Grounds into double play, 6-4-3 (Groundball, 6, EV 81.2 MPH)
Top of the 6th over - 0 runs, 1 hit, 0 errors, 0 left on base; Louisiana State University 4 - University of Alabama 2
BOTTOM OF THE 6TH
University of Alabama Crimson Tide batting - Pitching for Louisiana State University Tigers : RHP Jessie Amann
Pitching: LHP Bob Arms
Now at 3B: Graham Beamish
Now in RF: Elvin Ruffolo
Pinch Hitting: RHB Onorato Zacagnini 0-0: Swinging Strike
0-1: Ground out 6-3 (Groundball, 6, EV 108.1 MPH)
Pitching: RHP Mike Moore
Batting: RHB John Hicken 0-0: Ball
1-0: Foul Ball, location: 2F
1-1: Swinging Strike
1-2: Strikes out swinging
Batting: LHB Dallas Shaw 0-0: Foul Ball, location: 2F
0-1: Ball
1-1: Foul Ball, location: 2F
1-2: Foul Ball, location: 2F
1-2: Foul Ball, location: 2F
1-2: Strikes out swinging, 2-3 out at first.
Bottom of the 6th over - 0 runs, 0 hits, 0 errors, 0 left on base; Louisiana State University 4 - University of Alabama 2
TOP OF THE 7TH
Louisiana State University Tigers batting - Pitching for University of Alabama Crimson Tide : RHP Ghi-cheng Tseng
Pitching: RHP Matt Mason
Now at 1B: Onorato Zacagnini
Batting: RHB Steve McCoig 0-0: Called Strike
0-1: Foul Ball, location: 2F
0-2: Reached on error, E5 (Groundball, 56, EV 83.1 MPH)
Batting: RHB Mike Catalano 0-0: Ball
1-0: Ball
2-0: Ground out 6-3 (Groundball, P, EV 83.1 MPH)
Steve McCoig to third
Batting: LHB Earl Silver 0-0: Ball
1-0: Ground out 6-3 (Groundball, 6, EV 81.2 MPH)
Batting: LHB John Carter 0-0: Called Strike
0-1: Ground out U3 (Groundball, 3L, EV 82.5 MPH)
Top of the 7th over - 0 runs, 0 hits, 1 error, 1 left on base; Louisiana State University 4 - University of Alabama 2
BOTTOM OF THE 7TH
University of Alabama Crimson Tide batting - Pitching for Louisiana State University Tigers : RHP Mike Moore
Batting: RHB Larry Brown 0-0: Ball
1-0: Ball
2-0: Foul Ball, location: 2F
2-1: Called Strike
2-2: Ball
3-2: Strikes out looking
Batting: RHB Jong-your Lee 0-0: Ball
1-0: Swinging Strike
1-1: Called Strike
1-2: Foul Ball, location: 2F
1-2: Strikes out swinging
Batting: LHB Matt Barkley 0-0: Called Strike
0-1: Ball
1-1: Foul Ball, location: 2F
1-2: Strikes out looking
Bottom of the 7th over - 0 runs, 0 hits, 0 errors, 0 left on base; Louisiana State University 4 - University of Alabama 2
TOP OF THE 8TH
Louisiana State University Tigers batting - Pitching for University of Alabama Crimson Tide : RHP Matt Mason
Batting: SHB Stone Fraser 0-0: Ball
1-0: Ball
2-0: Foul Ball, location: 2F
2-1: Called Strike
2-2: Foul Ball, location: 2F
2-2: Foul Ball, location: 2F
2-2: Ball
3-2: Strikes out swinging
Batting: RHB Michael Maier 0-0: Swinging Strike
0-1: Ball
1-1: Foul Ball, location: 2F
1-2: Strikes out looking
Batting: RHB Elvin Ruffolo 0-0: Ball
1-0: Ball
2-0: Called Strike
2-1: Swinging Strike
2-2: Ball
3-2: Strikes out swinging
Top of the 8th over - 0 runs, 0 hits, 0 errors, 0 left on base; Louisiana State University 4 - University of Alabama 2
BOTTOM OF THE 8TH
University of Alabama Crimson Tide batting - Pitching for Louisiana State University Tigers : RHP Mike Moore
Pitching: LHP Nathan Waters
Batting: LHB Adam Antico 0-0: Foul Ball, location: 2F
0-1: Ball
1-1: Ball
2-1: Swinging Strike
2-2: Ball
3-2: Strikes out swinging
Batting: RHB Rodrik Gardner 0-0: Called Strike
0-1: Ball
1-1: Swinging Strike
1-2: TRIPLE (Flyball, 8LXD, EV 95.6 MPH)
Batting: RHB Fernando Reyes 0-0: Foul Ball, location: 2F
0-1: Ball
1-1: SINGLE (Groundball, 4MD, EV 93.8 MPH)
Rodrik Gardner scores
Batting: RHB Onorato Zacagnini 0-0: Grounds into double play, 4-6-3 (Groundball, 4, EV 102.5 MPH)
Bottom of the 8th over - 1 run, 2 hits, 0 errors, 0 left on base; Louisiana State University 4 - University of Alabama 3
TOP OF THE 9TH
Louisiana State University Tigers batting - Pitching for University of Alabama Crimson Tide : RHP Matt Mason
Pitching: RHP Victor Carillo
Batting: SHB Graham Beamish 0-0: Ball
1-0: Ball
2-0: Ground out 6-3 (Groundball, 56D, EV 86.2 MPH)
Batting: LHB Jon Valdez 0-0: Foul Ball, location: 2F
0-1: Fly out, F5 (Popup, 5SF, EV 85.0 MPH)
Batting: RHB Steve McCoig 0-0: Ground out 5-3 (Groundball, 56S, EV 79.4 MPH)
Top of the 9th over - 0 runs, 0 hits, 0 errors, 0 left on base; Louisiana State University 4 - University of Alabama 3
BOTTOM OF THE 9TH
University of Alabama Crimson Tide batting - Pitching for Louisiana State University Tigers : LHP Nathan Waters
Batting: RHB John Hicken 0-0: Ball
1-0: Foul Ball, location: 2F
1-1: Ball
2-1: Swinging Strike
2-2: Foul Ball, location: 2F
2-2: Foul Ball, location: 2F
2-2: Fly out, F7 (Flyball, 7, EV 83.1 MPH)
Batting: LHB Dallas Shaw 0-0: Called Strike
0-1: Foul Ball, location: 2F
0-2: Foul Ball, location: 2F
0-2: Strikes out swinging, 2-3 out at first.
Batting: RHB Larry Brown 0-0: Ball
1-0: Ball
2-0: Ball
3-0: Called Strike
3-1: Base on Balls
Batting: RHB Jong-your Lee 0-0: Called Strike
0-1: Foul Ball, location: 2F
0-2: Ground out 1-3 (Groundball, P, EV 66.2 MPH)
Bottom of the 9th over - 0 runs, 0 hits, 0 errors, 1 left on base; Louisiana State University 4 - University of Alabama 3
Tuesday, September 13th , 2022 - OOTP Baseball 23.7 Build 88